 Dungeon Crawl Stone Soup version 0.21-a0-507-ga8f6b7a (webtiles) character file.

96 Hafrunt the Digger (level 4, -2/24 HPs)
             Began as a Gargoyle Earth Elementalist on Nov 27, 2017.
             Killed by divine providence
             ... invoked by an orc priest
              (15 damage)
             ... on level 3 of the Dungeon.
             The game lasted 00:05:31 (2030 turns).

Hafrunt the Digger (Gargoyle Earth Elementalist)    Turns: 2030, Time: 00:05:31

Health: -2/24      AC:  5    Str: 12    XL:     4   Next: 67%
Magic:  4/8        EV:  9    Int: 16    God:
Gold:   77         SH:  0    Dex: 10    Spells: 5/9 levels left

rFire    . . .     SeeInvis .   o - +0 club
rCold    . . .     Gourm    .   (no shield)
rNeg     + . .     Faith    .   c - +0 robe
rPois    ∞         Spirit   .   (no helmet)
rElec    +         Reflect  .   (no cloak)
rCorr    .         Harm     .   (no gloves)
MR       .....                  (no boots)
Stlth    ++........             (no amulet)
HPRegen  0.08/turn              (no ring)
MPRegen  0.11/turn              (no ring)

@: very slightly contaminated, constricted
A: negative energy resistance 1, electricity resistance, unbreathing,
petrification resistance, rot immunity, AC +3
a: no special abilities


You were on level 3 of the Dungeon.
You were not hungry.

You visited 1 branch of the dungeon, and saw 3 of its levels.

You collected 77 gold pieces.

Inventory:

Hand Weapons
 o - a +0 club (weapon)
Missiles
 b - 54 stones (quivered)
Armour
 c - a +0 robe (worn)
Scrolls
 a - 2 scrolls of immolation {unknown}
 i - 3 scrolls of remove curse {unknown}
 k - 2 scrolls of identify {unknown}
 l - a scroll of noise {unknown}
 n - 2 scrolls of teleportation {unknown}
Potions
 f - a potion of curing {unknown}
 j - 2 potions of heal wounds {unknown}
 m - a potion of ambrosia {unknown}
Books
 e - a book of Geomancy

   Spells                             Type                      Level
   a - Sandblast                      Earth                        1
   b - Passwall                       Transmutation/Earth          2
   c - Stone Arrow                    Conjuration/Earth            3
   d - Petrify                        Transmutation/Earth          4
   e - Lee's Rapid Deconstruction     Earth                        5
Comestibles
 d - a bread ration
 g - 2 meat rations
 h - a chunk of flesh


   Skills:
 - Level 1.5 Dodging
 - Level 2.1 Stealth
 + Level 3.3 Spellcasting
 + Level 0.4 Conjurations
   Level 0.7 Transmutations
 + Level 5.1 Earth Magic


You had 5 spell levels left.
You knew the following spells:

 Your Spells              Type           Power        Failure   Level  Hunger
a - Sandblast             Erth           ###...       2%          1    None
b - Stone Arrow           Conj/Erth      ##....       17%         3    ###....


Dungeon Overview and Level Annotations

Branches:
Dungeon (3/15)

Altars:


Innate Abilities, Weirdness & Mutations

You are resistant to torment.
Your stone body is resilient. (AC +3)
You are immune to poison.
You resist negative energy. (rN+)
You are resistant to electric shocks. (rElec)
You can survive without breathing.
You are immune to petrification.
You are immune to rotting.


Message History

Press: ? - help, Shift-Dir - straight line, f/p - ball python
Aim: a ball python The blast of sand misses the ball python.
b - 54 stones The orc priest hits you but does no damage.
The ball python bites you. The ball python barely misses you.
You hit the orc priest but do no damage.
The ball python bites you but does no damage.
The ball python grabs you. The ball python constricts you.
The orc priest looks satisfied for a moment.
The ball python closely misses you. The ball python constricts you.
The orc priest mumbles some strange prayers to Beogh against you.
You barely resist. You hit the orc priest.
The orc priest is moderately wounded.
The ball python completely misses you. The ball python constricts you.
The orc priest invokes the aid of Beogh against you.
Beogh smites you!
Ouch! That really hurt!
You die...

#.#.#.## ###.....#.#
##.##.##.## ##?...=....#
. #.# #..##.#
.#........>.#
#.##.###.#.##
..#...>...... #
#.##..####.# ..........
#.####.#.####.##
.........
#..............##
#)....#
#######.#.#.#(#.###)...#
..###.....S@#.....##
###.#.#.#.###oo......#
#.....%(%(......#.#
#.########.###..# # #.
#.# ..# #. #.. ...o .
#.## ..#.# # #.# .# #.#


You could see an orc priest, an orc and a ball python.

Vanquished Creatures
  4 adders
  A worm (D:3)
  A leopard gecko (D:2)
  12 giant cockroaches
  5 goblins
  4 hobgoblins
  11 kobolds
  2 quokkas (D:2)
  5 bats
  5 frilled lizards
  A leopard gecko skeleton (D:3)
  4 rats
55 creatures vanquished.

Notes
Turn   | Place    | Note
-------+----------+-------------------------------------------
     0 | D:1      | Hafrunt the Gargoyle Earth Elementalist began the quest for the Orb.
     0 | D:1      | Reached XP level 1. HP: 10/10 MP: 3/3
   242 | D:1      | Reached XP level 2. HP: 15/15 MP: 1/5
   261 | D:1      | Reached skill level 4 in Earth Magic
   652 | D:2      | Reached XP level 3. HP: 7/19 MP: 0/6
  1041 | D:2      | Learned a level 3 spell: Stone Arrow
  1433 | D:2      | Reached XP level 4. HP: 21/24 MP: 3/8
  1898 | D:3      | Reached skill level 5 in Earth Magic
  2030 | D:3      | Killed from afar by an orc priest

Vault maps used:
D:1:      onia_arrival_pyramid
D:2:      minmay_roachtagon, serial_co_window_serial, co_window_cross_1,
          co_window_corner_a, co_window_corner_a, co_window_of_opportunity_a,
          co_window_of_opportunity_a, co_window_paths_a, co_window_corner_a,
          co_window_paths_a, co_window_of_opportunity_a,
          co_window_unsneaky_path_e, co_window_broadway_b, co_window_corner_b,
          co_window_2corner, glass_columns_c
D:3:      first_bread, lightli_corner_chamber

Skill      XL: |  1  2  3  4 |
---------------+-------------+-----
Earth Magic    | 4 5 |  5.1
Spellcasting   | 3 |  3.3
Dodging        | |  1.5
Stealth        | |  2.1
Conjurations   | |  0.4
Transmutations | |  0.7

Action                   |  1- 3 |  4- 6 || total
-------------------------+-------+-------++-------
Melee: Unarmed           |    20 |       ||    20
       Club              |    36 |     2 ||    38
 Cast: Sandblast         |    48 |    22 ||    70
  Eat: Chunk             |     2 |     2 ||     4
Armor: Robe              |    47 |     8 ||    55
Dodge: Dodged            |    69 |    12 ||    81

Table legend:
 A = Spawn XP
 B = Non-spawn XP
 C = Spawn XP percentage of total XP
 D = Spawn monster count
 E = Non-spawn monster count
 F = Spawn count percentage of total count
 G = Total turns spent on level
                    A         B        C        D         E        F      G
               +---------+---------+-------+---------+---------+-------+---------
         Total |       0 |     138 |   0.0 |       0 |      55 |   0.0 |  2030
               +---------+---------+-------+---------+---------+-------+---------
           D:1 |       0 |      26 |   0.0 |       0 |      17 |   0.0 |   622
           D:2 |       0 |      69 |   0.0 |       0 |      27 |   0.0 |  1272
           D:3 |       0 |      43 |   0.0 |       0 |      11 |   0.0 |   136
               +---------+---------+-------+---------+---------+-------+---------
